ESL (28 & UNDER)
NEWARK BULLDOGS @ BUTLER WHITE SOX
07/18/2027
 
TOP OF THE 1ST
Newark Bulldogs batting - Pitching for Butler White Sox : LHP Dexter Browning
Pitching: LHP Dexter Browning
Batting: LHB Gerardo Guzmán 0-0: Ball
1-0: Ball
2-0: Ball
3-0: Base on Balls
Batting: RHB Emílio Salas 0-0: Ball
1-0: SINGLE (Groundball, 56D)
Gerardo Guzmán to second
Batting: RHB Ken McDonald 0-0: Ball
1-0: Called Strike
1-1: Ball
2-1: Foul Ball, location: 2F
2-2: Ball
3-2: Base on Balls
Gerardo Guzmán to third
Emílio Salas to second
Batting: RHB Norris Howard 0-0: Foul Ball, location: 2F
0-1: Swinging Strike
0-2: Ball
1-2: Ball
2-2: Reached on error, E6 (Groundball, 6)
Gerardo Guzmán scores
Emílio Salas to third
Ken McDonald to second
Batting: LHB Frank Jackson 0-0: Called Strike
0-1: Ball
1-1: Ball
2-1: Ball
3-1: Base on Balls
Emílio Salas scores
Ken McDonald to third
Norris Howard to second
Batting: RHB Pablo Gómez 0-0: Called Strike
0-1: Called Strike
0-2: Strikes out swinging
Batting: RHB Perry Henry 0-0: Ball
1-0: Ball
2-0: Foul Ball, location: 2F
2-1: Swinging Strike
2-2: Grounds into fielders choice 1-2 (Groundball, 15S)
Norris Howard to third
Frank Jackson to second
Batting: LHB Gabriel MacNeill 0-0: Ball
1-0: GRAND SLAM HOME RUN (Flyball, 9LD), Distance : 351 ft
Batting: LHB Ángel Tuzzi 0-0: Ball
1-0: Ground out 4-3 (Groundball, 4)
Top of the 1st over - 6 run(s), 2 hit(s), 1 error(s), 0 left on base; Newark 6 - Butler 0
BOTTOM OF THE 1ST
Butler White Sox batting - Pitching for Newark Bulldogs : LHP Weston Harper
Pitching: LHP Weston Harper
Batting: LHB Sam Haynes 0-0: Foul Ball, location: 2F
0-1: Swinging Strike
0-2: Hit by Pitch
Batting: RHB Bo Vickers 0-0: Grounds into double play, 6-4-3 (Groundball, 6M)
Batting: LHB Dave Cook 0-0: Called Strike
0-1: Ball
1-1: Ball
2-1: Called Strike
2-2: Strikes out swinging
Bottom of the 1st over - 0 run(s), 0 hit(s), 0 error(s), 0 left on base; Newark 6 - Butler 0
TOP OF THE 2ND
Newark Bulldogs batting - Pitching for Butler White Sox : LHP Dexter Browning
Batting: LHB Gerardo Guzmán 0-0: Ball
1-0: Ball
2-0: Called Strike
2-1: Called Strike
2-2: Strikes out swinging
Batting: RHB Emílio Salas 0-0: Ground out 6-3 (Groundball, 6)
Batting: RHB Ken McDonald 0-0: Swinging Strike
0-1: Ball
1-1: Swinging Strike
1-2: Foul Ball, location: 2F
1-2: Strikes out swinging
Top of the 2nd over - 0 run(s), 0 hit(s), 0 error(s), 0 left on base; Newark 6 - Butler 0
BOTTOM OF THE 2ND
Butler White Sox batting - Pitching for Newark Bulldogs : LHP Weston Harper
Batting: LHB Thomas Dixon 0-0: Called Strike
0-1: Foul Ball, location: 2F
0-2: Foul Ball, location: 2F
0-2: Strikes out looking
Batting: LHB Denny Allen 0-0: Ball
1-0: Swinging Strike
1-1: Swinging Strike
1-2: Foul Ball, location: 2F
1-2: Ball
2-2: Ball
3-2: Foul Ball, location: 2F
3-2: Base on Balls
Batting: RHB Jerry Moore 0-0: Ball
1-0: Ball
2-0: Called Strike
2-1: Fly out, F8 (Flyball, 8LD)
Batting: RHB Bobby Murdock 0-0: Called Strike
Denny Allen steals 2nd base
0-1: Called Strike
0-2: Strikes out swinging
Bottom of the 2nd over - 0 run(s), 0 hit(s), 0 error(s), 1 left on base; Newark 6 - Butler 0
TOP OF THE 3RD
Newark Bulldogs batting - Pitching for Butler White Sox : LHP Dexter Browning
Batting: RHB Norris Howard 0-0: Ball
1-0: Ball
2-0: Swinging Strike
2-1: Swinging Strike
2-2: Ball
3-2: DOUBLE (Line Drive, 7D)
Batting: LHB Frank Jackson 0-0: Called Strike
0-1: Fly out, F8 (Flyball, 8LM)
Batting: RHB Pablo Gómez 0-0: Ball
1-0: SINGLE (Groundball, 4) (infield hit)
Norris Howard to third
Batting: RHB Perry Henry 0-0: Called Strike
0-1: Called Strike
0-2: Ball
1-2: Strikes out swinging
Batting: LHB Gabriel MacNeill 0-0: Called Strike
0-1: Ball
1-1: Ball
2-1: Ball
3-1: Foul Ball, location: 2F
3-2: Foul Ball, location: 2F
3-2: Base on Balls
Pablo Gómez to second
Batting: LHB Ángel Tuzzi 0-0: Ball
1-0: Fly out, F8 (Flyball, 8RM)
Top of the 3rd over - 0 run(s), 2 hit(s), 0 error(s), 3 left on base; Newark 6 - Butler 0
BOTTOM OF THE 3RD
Butler White Sox batting - Pitching for Newark Bulldogs : LHP Weston Harper
Batting: RHB José Darias 0-0: Called Strike
0-1: Fly out, F9 (Flyball, 9LM)
Batting: RHB Steve Clifton 0-0: Ball
1-0: Ground out 6-3 (Groundball, 6)
Batting: LHB Sam Haynes 0-0: Called Strike
0-1: Ball
1-1: Ball
2-1: Foul Ball, location: 2F
2-2: Foul Ball, location: 2F
2-2: Strikes out swinging
Bottom of the 3rd over - 0 run(s), 0 hit(s), 0 error(s), 0 left on base; Newark 6 - Butler 0
TOP OF THE 4TH
Newark Bulldogs batting - Pitching for Butler White Sox : LHP Dexter Browning
Batting: LHB Gerardo Guzmán 0-0: Swinging Strike
0-1: Foul Ball, location: 2F
0-2: Foul Ball, location: 2F
0-2: Fly out, F7 (Flyball, 7LS)
Batting: RHB Emílio Salas 0-0: Fly out, F8 (Flyball, 8RD)
Batting: RHB Ken McDonald 0-0: Called Strike
0-1: Swinging Strike
0-2: Fly out, F8 (Flyball, 89M)
Top of the 4th over - 0 run(s), 0 hit(s), 0 error(s), 0 left on base; Newark 6 - Butler 0
BOTTOM OF THE 4TH
Butler White Sox batting - Pitching for Newark Bulldogs : LHP Weston Harper
Batting: RHB Bo Vickers 0-0: Ball
1-0: Ball
2-0: Swinging Strike
2-1: DOUBLE (Flyball, 8LD)
Batting: LHB Dave Cook 0-0: Ball
1-0: Foul Ball, location: 2F
1-1: DOUBLE (Line Drive, 78M)
Bo Vickers scores
Batting: LHB Thomas Dixon 0-0: Ground out 2-3 (Groundball, 15S)
Dave Cook to third
Batting: LHB Denny Allen 0-0: Fly out, F7 (Flyball, 7S)
Batting: RHB Jerry Moore 0-0: Called Strike
0-1: Fly out, F4 (Popup, 34D)
Bottom of the 4th over - 1 run(s), 2 hit(s), 0 error(s), 1 left on base; Newark 6 - Butler 1
TOP OF THE 5TH
Newark Bulldogs batting - Pitching for Butler White Sox : LHP Dexter Browning
Batting: RHB Norris Howard 0-0: Ball
1-0: Ball
2-0: Ball
3-0: Base on Balls
Batting: LHB Frank Jackson 0-0: Called Strike
0-1: Ball
1-1: Swinging Strike
1-2: Ball
2-2: Ball
3-2: Foul Ball, location: 2F
3-2: Fly out, F7 (Flyball, 7LDF)
Batting: RHB Pablo Gómez 0-0: Fly out, F7 (Flyball, 7D)
Batting: RHB Perry Henry 0-0: Swinging Strike
0-1: Called Strike
0-2: Fly out, F7 (Flyball, 7S)
Top of the 5th over - 0 run(s), 0 hit(s), 0 error(s), 1 left on base; Newark 6 - Butler 1
BOTTOM OF THE 5TH
Butler White Sox batting - Pitching for Newark Bulldogs : LHP Weston Harper
Batting: RHB Bobby Murdock 0-0: Ball
1-0: Foul Ball, location: 2F
1-1: Swinging Strike
1-2: Strikes out swinging
Batting: RHB José Darias 0-0: Called Strike
0-1: Ball
1-1: Swinging Strike
1-2: Ball
2-2: Foul Ball, location: 2F
2-2: Ball
3-2: Base on Balls
Batting: RHB Steve Clifton 0-0: Foul Ball, location: 2F
0-1: Fly out, F5 (Popup, 5D)
Batting: LHB Sam Haynes 0-0: Ball
1-0: Called Strike
1-1: Ball
2-1: Swinging Strike
2-2: Foul Ball, location: 2F
2-2: Strikes out looking
Bottom of the 5th over - 0 run(s), 0 hit(s), 0 error(s), 1 left on base; Newark 6 - Butler 1
TOP OF THE 6TH
Newark Bulldogs batting - Pitching for Butler White Sox : LHP Dexter Browning
Batting: LHB Gabriel MacNeill 0-0: Called Strike
0-1: Swinging Strike
0-2: Ball
1-2: Foul Ball, location: 2F
1-2: Strikes out swinging
Pitching: RHP Bartho Manshert
Batting: LHB Ángel Tuzzi 0-0: Ball
1-0: Fly out, F9 (Line Drive, 9)
Batting: LHB Gerardo Guzmán 0-0: Ball
1-0: Foul Ball, location: 2F
1-1: Foul Ball, location: 2F
1-2: Ball
2-2: Strikes out swinging
Top of the 6th over - 0 run(s), 0 hit(s), 0 error(s), 0 left on base; Newark 6 - Butler 1
BOTTOM OF THE 6TH
Butler White Sox batting - Pitching for Newark Bulldogs : LHP Weston Harper
Batting: RHB Bo Vickers 0-0: Ball
1-0: Foul Ball, location: 2F
1-1: Ball
2-1: DOUBLE (Flyball, 7LM)
Batting: LHB Dave Cook 0-0: Called Strike
0-1: Foul Ball, location: 2F
0-2: Strikes out looking
Batting: LHB Thomas Dixon 0-0: Ball
1-0: Foul Ball, location: 2F
1-1: Swinging Strike
1-2: Strikes out swinging
Batting: LHB Denny Allen 0-0: Ball
1-0: SINGLE (Groundball, 6) (infield hit)
Bo Vickers to third
Batting: RHB Jerry Moore 0-0: Ball
1-0: Foul Ball, location: 2F
1-1: Ball
2-1: Ball
3-1: Swinging Strike
3-2: Ground out 1-3 (Groundball, P)
Bottom of the 6th over - 0 run(s), 2 hit(s), 0 error(s), 2 left on base; Newark 6 - Butler 1
TOP OF THE 7TH
Newark Bulldogs batting - Pitching for Butler White Sox : RHP Bartho Manshert
Batting: RHB Emílio Salas 0-0: Called Strike
0-1: Ball
1-1: Called Strike
1-2: Ball
2-2: Fly out, F8 (Flyball, 8RD)
Batting: RHB Ken McDonald 0-0: Ball
1-0: Ball
2-0: Called Strike
2-1: DOUBLE (Line Drive, 78M)
Batting: RHB Norris Howard 0-0: Ball
1-0: SINGLE (Line Drive, 34)
Ken McDonald to third
Batting: LHB Frank Jackson 0-0: Ground out U3 (Groundball, 3S)
Ken McDonald scores
Norris Howard to second
Batting: RHB Pablo Gómez 0-0: Fly out, F9 (Flyball, 9LS)
Top of the 7th over - 1 run(s), 2 hit(s), 0 error(s), 1 left on base; Newark 7 - Butler 1
BOTTOM OF THE 7TH
Butler White Sox batting - Pitching for Newark Bulldogs : LHP Weston Harper
Batting: RHB Bobby Murdock 0-0: Called Strike
0-1: Called Strike
0-2: Ball
1-2: Foul Ball, location: 2F
1-2: Fly out, F7 (Flyball, 78M)
Batting: RHB José Darias 0-0: Called Strike
0-1: Called Strike
0-2: Ball
1-2: Ball
2-2: Fly out, F8 (Flyball, 8LM)
Batting: RHB Steve Clifton 0-0: Swinging Strike
0-1: Fly out, F8 (Line Drive, 78M)
Bottom of the 7th over - 0 run(s), 0 hit(s), 0 error(s), 0 left on base; Newark 7 - Butler 1
TOP OF THE 8TH
Newark Bulldogs batting - Pitching for Butler White Sox : RHP Bartho Manshert
Batting: RHB Perry Henry 0-0: Ball
1-0: Ball
2-0: Ball
3-0: Called Strike
3-1: Foul Ball, location: 2F
3-2: SINGLE (Groundball, 6D)
Batting: LHB Gabriel MacNeill 0-0: Foul Ball, location: 2F
0-1: DOUBLE (Line Drive, 9LM)
Perry Henry to third
Runner from 3rd tries for Home, SAFE, no throw
Batting: LHB Ángel Tuzzi 0-0: SINGLE (Groundball, 56D) - runner OUT being hit by batted ball.
Batting: LHB Gerardo Guzmán 0-0: Ball
Ángel Tuzzi steals 2nd base
1-0: Called Strike
1-1: Ball
2-1: Ground out 4-3 (Groundball, 4)
Ángel Tuzzi to third
Pinch Hitting: LHB Wes Stone 0-0: Ball
1-0: Ball
2-0: Ball
3-0: Foul Ball, location: 2F
3-1: Base on Balls
Batting: RHB Ken McDonald 0-0: Ball
1-0: Ball
2-0: Foul Ball, location: 2F
2-1: Ball
3-1: Called Strike
3-2: Foul Ball, location: 2F
3-2: SINGLE (Groundball, 6MD)
Ángel Tuzzi scores
Wes Stone to second
Wes Stone to third
Pitching: RHP Eric Wilson
Pinch Hitting: SHB Rafael Villa 0-0: Fly out, F8 (Flyball, 8RS)
Top of the 8th over - 2 run(s), 4 hit(s), 0 error(s), 2 left on base; Newark 9 - Butler 1
BOTTOM OF THE 8TH
Butler White Sox batting - Pitching for Newark Bulldogs : LHP Weston Harper
Pitching: RHP Jim Cook
Now at 1B: Wilson Flores
Now at 2B: Rafael Villa
Now at SS: Larry Booth
Now in LF: Wes Stone
Batting: LHB Sam Haynes 0-0: Called Strike
0-1: Foul Ball, location: 2F
0-2: Ball
1-2: Strikes out swinging
Batting: RHB Bo Vickers 0-0: Called Strike
0-1: Ball
1-1: Ball
2-1: Foul Ball, location: 2F
2-2: Ball
3-2: Foul Ball, location: 2F
3-2: Base on Balls
Batting: LHB Dave Cook 0-0: Swinging Strike
0-1: Ball
1-1: Ball
2-1: Called Strike
2-2: Foul Ball, location: 2F
2-2: Ball
3-2: Base on Balls
Bo Vickers to second
Batting: LHB Thomas Dixon 0-0: Swinging Strike
0-1: Swinging Strike
0-2: Ball
1-2: Fielders Choice at 2nd, 4-6 (Groundball, 4)
Bo Vickers to third
Batting: LHB Denny Allen 0-0: Called Strike
0-1: Called Strike
0-2: Foul Ball, location: 2F
0-2: Ball
1-2: Foul Ball, location: 2F
1-2: SINGLE (Groundball, 4MD)
Bo Vickers scores
Thomas Dixon to second
Runner from 2nd tries for 3rd, SAFE, throw made to third
Denny Allen to second
Batting: RHB Jerry Moore 0-0: Ball
1-0: Ball
2-0: Ground out 6-3 (Groundball, 6)
Bottom of the 8th over - 1 run(s), 1 hit(s), 0 error(s), 2 left on base; Newark 9 - Butler 2
TOP OF THE 9TH
Newark Bulldogs batting - Pitching for Butler White Sox : RHP Eric Wilson
Batting: LHB Frank Jackson 0-0: Ball
1-0: Called Strike
1-1: Foul Ball, location: 2F
1-2: Ball
2-2: Fly out, F7 (Flyball, 7)
Batting: RHB Pablo Gómez 0-0: Ball
1-0: Foul Ball, location: 2F
1-1: Swinging Strike
1-2: Foul Ball, location: 2F
1-2: Ball
2-2: Ground out U3 (Groundball, 34)
Batting: RHB Perry Henry 0-0: Ground out 5-3 (Groundball, 56)
Top of the 9th over - 0 run(s), 0 hit(s), 0 error(s), 0 left on base; Newark 9 - Butler 2
BOTTOM OF THE 9TH
Butler White Sox batting - Pitching for Newark Bulldogs : RHP Jim Cook
Pitching: LHP José Alaniz
Batting: RHB Bobby Murdock 0-0: Ball
1-0: Ball
2-0: Called Strike
2-1: Ball
3-1: Base on Balls
Batting: RHB José Darias 0-0: Called Strike
0-1: Foul Ball, location: 2F
0-2: Ball
1-2: Ball
2-2: Strikes out looking
Batting: RHB Steve Clifton 0-0: Called Strike
0-1: Foul Ball, location: 2F
0-2: Strikes out looking
Batting: LHB Sam Haynes 0-0: Ground out U3 (Groundball, 34)
Bottom of the 9th over - 0 run(s), 0 hit(s), 0 error(s), 1 left on base; Newark 9 - Butler 2
Thursday, March 30th, 2017 - OOTP Baseball 17.12 Build 75